 Dungeon Sprint DCSS version 0.26.1-2-gb8aa6d0cf2 (webtiles) character file.

Game seed: 12753617780880155753

116 Groucho the Covert (level 4, 0/21 HPs)
             Began as a Spriggan Enchanter on Feb 22, 2021.
             Was a Believer of Kikubaaqudgha.
             Shot with an arrow by a centaur (13 damage)
             ... in the Dungeon (Sprint VII: "The Pits").
             The game lasted 00:02:30 (968 turns).

Groucho the Covert (Spriggan Enchanter)              Turns: 968, Time: 00:02:31

Health: 0/21       AC:  2    Str:  5    XL:     4   Next: 69%
Magic:  11/11      EV: 18    Int: 16    God:    Kikubaaqudgha [**....]
Gold:   0          SH:  0    Dex: 16    Spells: 6/12 levels left

rFire    . . .     SeeInvis +   a - +2 dagger
rCold    . . .     Faith    .   (shield restricted)
rNeg     . . .     Spirit   .   b - +0 robe
rPois    .         Reflect  .   (helmet restricted)
rElec    .         Harm     .   (no cloak)
rCorr    .         Rampage  .   (gloves unavailable)
Will     .....     NoTele   +   (boots unavailable)
Stlth    +++++.....             (no amulet)
HPRegen  0.07/turn              (no ring)
MPRegen  0.12/turn              (no ring)

@: very quick
A: very small, unfitting armour, see invisible, speed 3
a: Renounce Religion, Receive Corpses


You were in the Dungeon.
You worshipped Kikubaaqudgha.
Kikubaaqudgha was pleased with you.
You visited 1 branch

Inventory:

Hand Weapons
 a - a +2 dagger (weapon)
 n - a +0 dagger of venom
Missiles
 m - 10 stones
Armour
 b - a +0 robe (worn)
Scrolls
 i - a scroll of blinking
 j - 3 scrolls of remove curse
 k - 5 scrolls of amnesia
 l - a scroll of summoning
Potions
 c - 2 potions of invisibility
 d - 6 potions of curing
 e - 6 potions of heal wounds
 f - a potion of haste
 g - 4 potions of magic
 h - 3 potions of berserk rage


   Skills:
 - Level 1.1 Short Blades
 - Level 3.1 Dodging
 * Level 12.0 Stealth
 + Level 4.7 Spellcasting
 + Level 5.3 Hexes
 + Level 2.6 Necromancy


You had 6 spell levels left.
You knew the following spells:

 Your Spells              Type           Power        Failure   Level
a - Corona                Hex            23%          1%          1
b - Ensorcelled Hibernat  Hex/Ice        24%          8%          2
c - Confusing Touch       Hex            21%          5%          3

Your spell library contained the following spells:

 Spells                   Type           Power        Failure   Level
 Animate Skeleton         Necr           24%          5%          1
 Pain                     Necr           48%          5%          1
 Tukima's Dance           Hex            21%          5%          3
 Sublimation of Blood     Necr           6%           8%          2
 Dazzling Flash           Conj/Hex       24%          16%         3
 Vampiric Draining        Necr           6%           16%         3


Dungeon Overview and Level Annotations

Branches:
Dungeon (1/1)

Altars:
Ashenzari
Cheibriados
Dithmenos
Elyvilon
Fedhas
Gozag
Hepliaklqana
Kikubaaqudgha
Makhleb
Nemelex Xobeh
Okawaru
Qazlal
Ru
Sif Muna
Trog
Uskayaw
Vehumet
Wu Jian
Xom
Yredelemnul
Zin
The Shining One
Beogh
Jiyva
Lugonu


Innate Abilities, Weirdness & Mutations

You are very small and have problems with some larger weapons.
You are too small for most types of armour.
You have supernaturally acute eyesight. (SInv)
You cover ground extremely quickly.


Message History

Unknown command.
You start resting.
Your magical contamination has completely faded away.
You start resting.
Magic restored.
You start waiting.
You start waiting.
You start waiting.
Done waiting.
There is an open door here.
A centaur comes into view.
A bat and a gnoll come into view.
The gnoll shouts!
The bat completely misses you. The centaur completely misses you.
The gnoll hits you! The bat hits you but does no damage.
The centaur wields a +0 shortbow.
The centaur shoots an arrow.
The arrow hits you!
Ouch! That really hurt!
You die...
Kikubaaqudgha rasps: "You have failed me!
Welcome... death!"

#.#))#.†...##.......#
#.#..###'####.......#
#.##'#....†##...<...#
#.#........##.......#
#.#.......†##.......#
#'###########.......#
#.......# #########
#.###b..# #.#..@..#
#.#.g.#.# #....c#.#
#.e.### # #... ####


You could see a deep elf mage, a centaur, a gnoll and a bat.

Vanquished Creatures
  4 worker ants (D)
  An adder (D)
  A river rat (D)
  A bat (D)
  2 giant cockroaches (D)
  A kobold (D)
10 creatures vanquished.

Notes
Turn   | Place    | Note
-------+----------+-------------------------------------------
     0 | D        | Groucho the Spriggan Enchanter began the quest for the Orb.
     0 | D        | Reached XP level 1. HP: 9/9 MP: 5/5
     9 | D        | Noticed a worker ant
    12 | D        | Killed a worker ant
    13 | D        | Reached skill level 9 in Stealth
    13 | D        | Reached XP level 2. HP: 13/13 MP: 6/6
    42 | D        | Found a bloodstained altar of Trog.
    42 | D        | Found a shimmering blue altar of Sif Muna.
    42 | D        | Found a viscous altar of Jiyva.
    42 | D        | Found a hazy altar of Hepliaklqana.
    42 | D        | Found an opulent altar of Gozag.
    43 | D        | Found a glowing golden altar of the Shining One.
    43 | D        | Found a glowing silver altar of Zin.
    43 | D        | Found a basalt altar of Yredelemnul.
    43 | D        | Found a shimmering altar of Xom.
    43 | D        | Found an ornate altar of the Wu Jian Council.
    43 | D        | Found a sacrificial altar of Ru.
    43 | D        | Found a stormy altar of Qazlal.
    43 | D        | Found an iron altar of Okawaru.
    43 | D        | Found a sparkling altar of Nemelex Xobeh.
    43 | D        | Found a burning altar of Makhleb.
    43 | D        | Found a blossoming altar of Fedhas.
    43 | D        | Found a white marble altar of Elyvilon.
    43 | D        | Found a shadowy altar of Dithmenos.
    43 | D        | Found a snail-covered altar of Cheibriados.
    44 | D        | Found a radiant altar of Vehumet.
    44 | D        | Found a corrupted altar of Lugonu.
    44 | D        | Found a roughly hewn altar of Beogh.
    45 | D        | Found an ancient bone altar of Kikubaaqudgha.
    45 | D        | Found a hide-covered altar of Uskayaw.
    45 | D        | Found a broken altar of Ashenzari.
    53 | D        | Became a worshipper of Kikubaaqudgha
    79 | D        | Reached skill level 10 in Stealth
   398 | D        | Learned a level 2 spell: Ensorcelled Hibernation
   404 | D        | Reached * piety under Kikubaaqudgha
   404 | D        | Identified Kikubaaqudgha's Papyrus of Sinister Arts
                  | (Kikubaaqudgha gifted it to you in the Dungeon)
   404 | D        | Received a gift from Kikubaaqudgha
   408 | D        | Reached skill level 1 in Necromancy
   408 | D        | Reached XP level 3. HP: 16/16 MP: 6/8
   614 | D        | Learned a level 3 spell: Confusing Touch
   618 | D        | Reached skill level 11 in Stealth
   618 | D        | Reached XP level 4. HP: 21/21 MP: 9/11
   619 | D        | Reached ** piety under Kikubaaqudgha
   632 | D        | Reached skill level 5 in Hexes
   675 | D        | Noticed a deep elf mage
   688 | D        | Reached skill level 12 in Stealth
   964 | D        | Noticed a centaur
   968 | D        | Shot with an arrow by a centaur

Illustrated notes

Levels and vault maps discovered:
D:        pitsprint [storerooms_1, entrance_room_1, metal_vault_6, armoury_1,
          mini_pit_1, grid_room_1, main_hall_1, silver_pit, the_coven_1,
          the_vestibule_1, steel_vault_2, golden_pit, hallway_of_sentries,
          crystal_vault_1, iron_vault_1, final_vault]

Skill      XL: |  1  2  3  4 |
---------------+-------------+-----
Stealth        | 9 10 11 12 | 12.0
Spellcasting   | 3 4 |  4.7
Hexes          | 4 5 |  5.3
Necromancy     | 1 2 |  2.6
Short Blades   | |  1.1
Dodging        | |  3.1

Action                   |  1- 3 |  4- 6 || total
-------------------------+-------+-------++-------
Melee: Dagger            |    14 |     4 ||    18
 Cast: Ensorcelled Hiber |       |     2 ||     2
 Stab: Sleeping          |     4 |     4 ||     8
Armor: Robe              |     2 |     2 ||     4
Dodge: Dodged            |     7 |     3 ||    10
